TOP OF THE 1ST |
Cincinnati Reds batting - Pitching for Chicago Cubs : RHP Bert Blyleven
|
Pitching: RHP Bert Blyleven
|
|
Batting: RHB Gary Matthews
|
0-0: Called Strike 0-1: Ground out 5-3 (Groundball, 56, EV 102.5 MPH)
|
Batting: LHB Joseph Talley
|
0-0: Ball 1-0: Ball 2-0: Ball 3-0: Swinging Strike 3-1: Base on Balls
|
Batting: LHB Mike Easler
|
0-0: Called Strike 0-1: Ball 1-1: Ball 2-1: Foul Ball, location: 2F 2-2: Ball 3-2: Strikes out swinging Joseph Talley is caught stealing 2nd base 2-6 Batter strikes out.
|
Top of the 1st over - 0 runs, 0 hits, 0 errors, 0 left on base; Cincinnati 0 - Chicago 0 |
BOTTOM OF THE 1ST |
Chicago Cubs batting - Pitching for Cincinnati Reds : RHP Gary Nolan
|
Pitching: RHP Gary Nolan
|
|
Batting: RHB Gary Ward
|
0-0: Swinging Strike 0-1: Foul Ball, location: 2F 0-2: Foul Ball, location: 2F 0-2: Ball 1-2: Strikes out swinging
|
Batting: RHB Randy Ready
|
0-0: Called Strike 0-1: Ball 1-1: Ground out U3 (Groundball, 34S, EV 78.1 MPH)
|
Batting: RHB Lonnie Smith
|
0-0: Ball 1-0: Swinging Strike 1-1: Foul Ball, location: 2F 1-2: Ball 2-2: Ball 3-2: Ground out 6-3 (Groundball, 6, EV 95.6 MPH)
|
Bottom of the 1st over - 0 runs, 0 hits, 0 errors, 0 left on base; Cincinnati 0 - Chicago 0 |
TOP OF THE 2ND |
Cincinnati Reds batting - Pitching for Chicago Cubs : RHP Bert Blyleven
|
Batting: RHB Bill Melton
|
0-0: Foul Ball, location: 2F 0-1: Ball 1-1: Foul Ball, location: 2F 1-2: Fly out, F8 (Flyball, 89D, EV 101.3 MPH)
|
Batting: LHB Darrell Evans
|
0-0: Called Strike 0-1: Ball 1-1: Called Strike 1-2: SINGLE (Groundball, 34S, EV 82.5 MPH) (infield hit)
|
Pinch Hitting: LHB Jim Bennett
|
0-0: Ball 1-0: Ball 2-0: Ball 3-0: Base on Balls Darrell Evans to second
|
Batting: RHB John Damon
|
0-0: Ball 1-0: Ball 2-0: Ball 3-0: Called Strike 3-1: Foul Ball, location: 2F 3-2: Foul Ball, location: 2F 3-2: Base on Balls Darrell Evans to third Jim Bennett to second
|
Batting: RHB Tracy Cowger
|
0-0: Swinging Strike 0-1: Ball 1-1: Swinging Strike 1-2: Foul Ball, location: 2F 1-2: Strikes out swinging
|
Batting: RHB Gary Nolan
|
0-0: Called Strike 0-1: Foul Ball, location: 2F 0-2: Ball 1-2: Ball 2-2: Strikes out swinging
|
Top of the 2nd over - 0 runs, 1 hit, 0 errors, 3 left on base; Cincinnati 0 - Chicago 0 |
BOTTOM OF THE 2ND |
Chicago Cubs batting - Pitching for Cincinnati Reds : RHP Gary Nolan
|
Now at SS: Ramon Borrero
|
|
Batting: RHB Jim Rice
|
0-0: Ball 1-0: Ground out 5-3 (Groundball, 56S, EV 87.5 MPH)
|
Batting: SHB Roy Smalley
|
0-0: Ground out 4-3 (Groundball, 34, EV 91.3 MPH)
|
Batting: LHB Gerald Perry
|
0-0: Called Strike 0-1: Foul Ball, location: 2F 0-2: Ball 1-2: Ball 2-2: Fly out, F7 (Flyball, 7, EV 78.1 MPH)
|
Bottom of the 2nd over - 0 runs, 0 hits, 0 errors, 0 left on base; Cincinnati 0 - Chicago 0 |
TOP OF THE 3RD |
Cincinnati Reds batting - Pitching for Chicago Cubs : RHP Bert Blyleven
|
Batting: RHB Gary Matthews
|
0-0: Swinging Strike 0-1: Bunted foul 0-2: Ball 1-2: Ball 2-2: Fly out, F8 (Flyball, 89XD, EV 85.0 MPH)
|
Batting: LHB Joseph Talley
|
0-0: Foul Ball, location: 2F 0-1: SINGLE (Groundball, 4MD, EV 110.0 MPH)
|
Batting: LHB Mike Easler
|
0-0: Ball 1-0: Foul Ball, location: 2F 1-1: Foul Ball, location: 2F 1-2: SINGLE (Flyball, 78S, EV 93.1 MPH) Joseph Talley to second
|
Batting: RHB Bill Melton
|
0-0: Swinging Strike 0-1: Ball 1-1: Ball 2-1: Reached via error on a dropped throw from 3B, E4 (Groundball, 56, EV 82.5 MPH) Joseph Talley to third Mike Easler to second
|
Batting: LHB Darrell Evans
|
0-0: Called Strike 0-1: SINGLE (Groundball, 34D, EV 111.3 MPH) Joseph Talley scores Mike Easler to third Bill Melton to second Runner from 3rd tries for Home, SAFE, throw by RF to home
|
Batting: RHB Ramon Borrero
|
0-0: Called Strike 0-1: SINGLE (Groundball, 56D, EV 98.8 MPH) Bill Melton to third Darrell Evans to second Runner from 3rd tries for Home, SAFE, throw by LF to home
|
Batting: RHB John Damon
|
0-0: Ball 1-0: Foul Ball, location: 2F 1-1: Swinging Strike 1-2: Foul Ball, location: 2F 1-2: Foul Ball, location: 2F 1-2: Strikes out looking
|
Batting: RHB Tracy Cowger
|
0-0: Ball 1-0: Ball 2-0: Called Strike 2-1: DOUBLE (Line Drive, 5D, EV 100.6 MPH) Darrell Evans scores Ramon Borrero to third Runner from 3rd tries for Home, SAFE, no throw by LF
|
Batting: RHB Gary Nolan
|
0-0: Ball 1-0: Called Strike 1-1: Called Strike 1-2: Ball 2-2: Strikes out swinging
|
Top of the 3rd over - 5 runs, 5 hits, 1 error, 1 left on base; Cincinnati 5 - Chicago 0 |
BOTTOM OF THE 3RD |
Chicago Cubs batting - Pitching for Cincinnati Reds : RHP Gary Nolan
|
Batting: RHB Bob Brenly
|
0-0: Called Strike 0-1: Foul Ball, location: 2F 0-2: Ball 1-2: Ground out 6-3 (Groundball, 6, EV 108.1 MPH)
|
Batting: RHB Fran Mullins
|
0-0: Ball 1-0: Ground out 6-3 (Groundball, 6, EV 86.3 MPH)
|
Batting: RHB Bert Blyleven
|
0-0: Fly out, F6 (Popup, 6, EV 51.9 MPH)
|
Bottom of the 3rd over - 0 runs, 0 hits, 0 errors, 0 left on base; Cincinnati 5 - Chicago 0 |
TOP OF THE 4TH |
Cincinnati Reds batting - Pitching for Chicago Cubs : RHP Bert Blyleven
|
Batting: RHB Gary Matthews
|
0-0: Called Strike 0-1: Called Strike 0-2: Fly out, F1 (Line Drive, P, EV 70.6 MPH)
|
Batting: LHB Joseph Talley
|
0-0: Called Strike 0-1: Foul Ball, location: 2F 0-2: Fly out, F7 (Flyball, 7, EV 91.3 MPH)
|
Batting: LHB Mike Easler
|
0-0: Called Strike 0-1: Ball 1-1: Foul Ball, location: 2F 1-2: Strikes out swinging
|
Top of the 4th over - 0 runs, 0 hits, 0 errors, 0 left on base; Cincinnati 5 - Chicago 0 |
BOTTOM OF THE 4TH |
Chicago Cubs batting - Pitching for Cincinnati Reds : RHP Gary Nolan
|
Batting: RHB Gary Ward
|
0-0: Called Strike 0-1: Ball 1-1: Ball 2-1: Foul Ball, location: 2F 2-2: Foul Ball, location: 2F 2-2: Ground out 5-3 (Groundball, 15, EV 85.6 MPH)
|
Batting: RHB Randy Ready
|
0-0: Called Strike 0-1: Ball 1-1: Fly out, F4 (Popup, 4, EV 80.0 MPH)
|
Batting: RHB Lonnie Smith
|
0-0: Ball 1-0: Called Strike 1-1: Foul Ball, location: 2F 1-2: Foul Ball, location: 2F 1-2: Ball 2-2: Ball 3-2: Fly out, F3 (Popup, 3F, EV 64.4 MPH)
|
Bottom of the 4th over - 0 runs, 0 hits, 0 errors, 0 left on base; Cincinnati 5 - Chicago 0 |
TOP OF THE 5TH |
Cincinnati Reds batting - Pitching for Chicago Cubs : RHP Bert Blyleven
|
Batting: RHB Bill Melton
|
0-0: Called Strike 0-1: Ball 1-1: Ball 2-1: Fly out, F2 (Popup, 23F, EV 85.0 MPH)
|
Batting: LHB Darrell Evans
|
0-0: Ball 1-0: Called Strike 1-1: Ball 2-1: Ball 3-1: Called Strike 3-2: Fly out, F7 (Flyball, 7LM, EV 85.6 MPH)
|
Batting: RHB Ramon Borrero
|
0-0: Fly out, F9 (Flyball, 89D, EV 87.5 MPH)
|
Top of the 5th over - 0 runs, 0 hits, 0 errors, 0 left on base; Cincinnati 5 - Chicago 0 |
BOTTOM OF THE 5TH |
Chicago Cubs batting - Pitching for Cincinnati Reds : RHP Gary Nolan
|
Batting: RHB Jim Rice
|
0-0: Called Strike 0-1: Called Strike 0-2: Foul Ball, location: 2F 0-2: Ball 1-2: Strikes out swinging
|
Batting: SHB Roy Smalley
|
0-0: Ball 1-0: Foul Ball, location: 2F 1-1: Foul Ball, location: 2F 1-2: Ball 2-2: Ball 3-2: Strikes out looking
|
Batting: LHB Gerald Perry
|
0-0: Called Strike 0-1: Ball 1-1: Called Strike 1-2: Ground out 3-1 (Groundball, 34, EV 95.6 MPH)
|
Bottom of the 5th over - 0 runs, 0 hits, 0 errors, 0 left on base; Cincinnati 5 - Chicago 0 |
TOP OF THE 6TH |
Cincinnati Reds batting - Pitching for Chicago Cubs : RHP Bert Blyleven
|
Batting: RHB John Damon
|
0-0: Ball 1-0: Foul Ball, location: 2F 1-1: Ball 2-1: Foul Ball, location: 2F 2-2: Ground out 3-1 (Groundball, 13, EV 85.6 MPH)
|
Batting: RHB Tracy Cowger
|
0-0: Ball 1-0: Foul Ball, location: 2F 1-1: Called Strike 1-2: Strikes out looking
|
Batting: RHB Gary Nolan
|
0-0: Called Strike 0-1: Foul Ball, location: 2F 0-2: Foul Ball, location: 2F 0-2: Ball 1-2: Ball 2-2: SINGLE (Groundball, 6MD, EV 104.4 MPH)
|
Batting: RHB Gary Matthews
|
0-0: Ball 1-0: Ball 2-0: Called Strike 2-1: Ball 3-1: SINGLE (Line Drive, 7S, EV 100.6 MPH) Gary Nolan to second
|
Batting: LHB Joseph Talley
|
0-0: Ball 1-0: Foul Ball, location: 2F 1-1: Fly out, F6 (Popup, 6MD, EV 54.4 MPH)
|
Top of the 6th over - 0 runs, 2 hits, 0 errors, 2 left on base; Cincinnati 5 - Chicago 0 |
BOTTOM OF THE 6TH |
Chicago Cubs batting - Pitching for Cincinnati Reds : RHP Gary Nolan
|
Batting: RHB Bob Brenly
|
0-0: Called Strike 0-1: Swinging Strike 0-2: Strikes out swinging
|
Batting: RHB Fran Mullins
|
0-0: Called Strike 0-1: Fly out, F8 (Flyball, 8RD, EV 99.4 MPH)
|
Batting: RHB Bert Blyleven
|
0-0: Ball 1-0: Swinging Strike 1-1: Swinging Strike 1-2: Strikes out swinging
|
Bottom of the 6th over - 0 runs, 0 hits, 0 errors, 0 left on base; Cincinnati 5 - Chicago 0 |
TOP OF THE 7TH |
Cincinnati Reds batting - Pitching for Chicago Cubs : RHP Bert Blyleven
|
Batting: LHB Mike Easler
|
0-0: Ball 1-0: Ball 2-0: Foul Ball, location: 2F 2-1: Ground out 6-3 (Groundball, 6, EV 103.8 MPH)
|
Batting: RHB Bill Melton
|
0-0: Foul Ball, location: 2F 0-1: Ball 1-1: Ball 2-1: Foul Ball, location: 2F 2-2: Ball 3-2: Base on Balls
|
Batting: LHB Darrell Evans
|
0-0: Ball 1-0: Ball 2-0: Ball 3-0: Called Strike 3-1: Swinging Strike 3-2: Base on Balls Bill Melton to second
|
Batting: RHB Ramon Borrero
|
0-0: Ball 1-0: Foul Ball, location: 2F 1-1: Swinging Strike 1-2: Ball 2-2: Fly out, F8 (Flyball, 8LM, EV 96.3 MPH)
|
Batting: RHB John Damon
|
0-0: Ground out 3-1 (Groundball, 13, EV 81.3 MPH)
|
Top of the 7th over - 0 runs, 0 hits, 0 errors, 2 left on base; Cincinnati 5 - Chicago 0 |
BOTTOM OF THE 7TH |
Chicago Cubs batting - Pitching for Cincinnati Reds : RHP Gary Nolan
|
Batting: RHB Gary Ward
|
0-0: Ball 1-0: Ground out 5-3 (Groundball, 56, EV 110.0 MPH)
|
Batting: RHB Randy Ready
|
0-0: Called Strike 0-1: Ball 1-1: Foul Ball, location: 2F 1-2: Fly out, F9 (Flyball, 9, EV 85.0 MPH)
|
Batting: RHB Lonnie Smith
|
0-0: Ball 1-0: Foul Ball, location: 2F 1-1: Foul Ball, location: 2F 1-2: Strikes out swinging
|
Bottom of the 7th over - 0 runs, 0 hits, 0 errors, 0 left on base; Cincinnati 5 - Chicago 0 |
TOP OF THE 8TH |
Cincinnati Reds batting - Pitching for Chicago Cubs : RHP Bert Blyleven
|
Batting: RHB Tracy Cowger
|
0-0: Ball 1-0: Ball 2-0: Called Strike 2-1: Foul Ball, location: 2F 2-2: Ball 3-2: Foul Ball, location: 2F 3-2: Foul Ball, location: 2F 3-2: Base on Balls
|
Batting: RHB Gary Nolan
|
0-0: Called Strike 0-1: Sac Bunt to 23 - play at first, batter OUT! 3-4 Tracy Cowger to second
|
Pitching: RHP Tom Niedenfuer
|
|
Batting: RHB Gary Matthews
|
0-0: Called Strike 0-1: Ball 1-1: Fly out, F7 (Flyball, 7S, EV 81.3 MPH)
|
Batting: LHB Joseph Talley
|
0-0: Called Strike 0-1: Ball 1-1: Swinging Strike 1-2: Strikes out swinging
|
Top of the 8th over - 0 runs, 0 hits, 0 errors, 1 left on base; Cincinnati 5 - Chicago 0 |
BOTTOM OF THE 8TH |
Chicago Cubs batting - Pitching for Cincinnati Reds : RHP Gary Nolan
|
Batting: RHB Jim Rice
|
0-0: Foul Ball, location: 2F 0-1: Swinging Strike 0-2: Foul Ball, location: 2F 0-2: Foul Ball, location: 2F 0-2: Strikes out swinging
|
Batting: SHB Roy Smalley
|
0-0: Ball 1-0: Ball 2-0: Called Strike 2-1: Ground out 4-3 (Groundball, 4, EV 80.6 MPH)
|
Batting: LHB Gerald Perry
|
0-0: Ball 1-0: Ball 2-0: Called Strike 2-1: Swinging Strike 2-2: Foul Ball, location: 2F 2-2: Ball 3-2: Ground out 6-3 (Groundball, 6S, EV 71.9 MPH)
|
Bottom of the 8th over - 0 runs, 0 hits, 0 errors, 0 left on base; Cincinnati 5 - Chicago 0 |
TOP OF THE 9TH |
Cincinnati Reds batting - Pitching for Chicago Cubs : RHP Tom Niedenfuer
|
Batting: LHB Mike Easler
|
0-0: Ball 1-0: Called Strike 1-1: Called Strike 1-2: Ball 2-2: Foul Ball, location: 2F 2-2: Fly out, F8 (Flyball, 8LS, EV 95.0 MPH)
|
Batting: RHB Bill Melton
|
0-0: Ball 1-0: Ground out 4-3 (Groundball, 4, EV 85.0 MPH)
|
Batting: LHB Darrell Evans
|
0-0: Ball 1-0: Called Strike 1-1: Fly out, F9 (Flyball, 9LS, EV 80.6 MPH)
|
Top of the 9th over - 0 runs, 0 hits, 0 errors, 0 left on base; Cincinnati 5 - Chicago 0 |
BOTTOM OF THE 9TH |
Chicago Cubs batting - Pitching for Cincinnati Reds : RHP Gary Nolan
|
Batting: RHB Bob Brenly
|
0-0: Swinging Strike 0-1: Ball 1-1: Ball 2-1: Ball 3-1: Base on Balls
|
Batting: RHB Fran Mullins
|
0-0: Ball 1-0: Foul Ball, location: 2F 1-1: Reached on error, E4 (Groundball, 4, EV 83.8 MPH) Bob Brenly to second
|
Pinch Hitting: LHB Dave Bergman
|
0-0: Ball 1-0: Called Strike 1-1: Foul Ball, location: 2F 1-2: Foul Ball, location: 2F 1-2: Ball 2-2: Ball 3-2: Fielders Choice at 2nd, 6-4 (Groundball, 6, EV 97.5 MPH) Bob Brenly to third
|
Batting: RHB Gary Ward
|
0-0: Called Strike 0-1: Ball 1-1: SINGLE (Groundball, 6D, EV 97.5 MPH) Bob Brenly scores Dave Bergman to second
|
Batting: RHB Randy Ready
|
0-0: Ball 1-0: Foul Ball, location: 2F 1-1: Fly out, F7 (Flyball, 78M, EV 83.1 MPH)
|
Batting: RHB Lonnie Smith
|
0-0: Swinging Strike 0-1: SINGLE (Line Drive, 7S, EV 93.1 MPH) Dave Bergman to third Gary Ward to second
|
Batting: RHB Jim Rice
|
0-0: Fly out, F3 (Popup, 3, EV 56.9 MPH)
|
Bottom of the 9th over - 1 run, 2 hits, 1 error, 3 left on base; Cincinnati 5 - Chicago 1 |
|